 Dungeon Crawl Stone Soup version 0.26-a0-1101-g8f9f7f7418 (webtiles) character file.

Game seed: 16636145651709807324

110 Delamore the Skirmisher (level 4, -2/30 HPs)
             Began as a Gargoyle Fighter on Dec 15, 2020.
             Killed from afar by an orc wizard (5 damage)
             ... with a puff of flame
             ... on level 3 of the Dungeon.
             The game lasted 00:02:03 (2035 turns).

Delamore the Skirmisher (Gargoyle Fighter)          Turns: 2035, Time: 00:02:04

Health: -2/30      AC: 10    Str: 20    XL:     4   Next: 91%
Magic:  4/4        EV:  7    Int:  9    God:
Gold:   120        SH:  9    Dex:  9    Spells: 3/3 levels left

rFire    . . .     SeeInvis .   a - +0 flail
rCold    . . .     Faith    +   c - +0 kite shield
rNeg     + . .     Spirit   .   b - +0 scale mail
rPois    ∞         Reflect  .   (no helmet)
rElec    +         Harm     .   (no cloak)
rCorr    .         Rampage  .   (no gloves)
Will     .....                  (no boots)
Stlth    +.........             g - amulet of faith
HPRegen  0.10/turn              h - ring of stealth
MPRegen  0.09/turn              (no ring)

@: no status effects
A: negative energy resistance 1, electricity resistance, unbreathing,
petrification resistance, miasma immunity, AC +3
a: no special abilities


You were on level 3 of the Dungeon.
You visited 1 branch of the dungeon, and saw 3 of its levels.

You collected 120 gold pieces.

Inventory:

Hand Weapons
 a - a +0 flail (weapon)
Armour
 b - a +0 scale mail (worn)
 c - a +0 kite shield (worn)
Jewellery
 g - an amulet of faith (around neck)
 h - a ring of stealth (left hand)
Scrolls
 e - a scroll of immolation {unknown}
 k - a scroll of remove curse {unknown}
 l - a scroll of fear {unknown}
 n - a scroll of amnesia {unknown}
 o - a scroll of fog {unknown}
 p - 4 scrolls of identify {unknown}
 q - 3 scrolls of enchant armour {unknown}
 r - a scroll of magic mapping {unknown}
Potions
 d - a potion of might
 f - 4 potions of heal wounds {unknown}
 i - a potion of resistance {unknown}
 j - a potion of lignification {unknown}
 m - 3 potions of curing {unknown}
 s - a potion of attraction {unknown}
 t - a potion of cancellation {unknown}


   Skills:
 + Level 4.3 Fighting
 + Level 3.2 Maces & Flails
 - Level 3.2 Armour
 + Level 4.3 Shields


You had 3 spell levels left.
You didn't know any spells.
Your spell library was empty.

Dungeon Overview and Level Annotations

Branches:
Dungeon (3/15)

Altars:


Innate Abilities, Weirdness & Mutations

You are resistant to torment.
Your stone body is resilient. (AC +3)
You are immune to poison.
You resist negative energy. (rN+)
You are resistant to electric shocks. (rElec)
You can survive without breathing.
You are immune to petrification.
You are immune to miasma.


Message History

You are too injured to fight recklessly!
You are too injured to fight recklessly!
You are too injured to fight recklessly!
You are too injured to fight recklessly!
You hit the orc wizard.
The orc wizard is heavily wounded.
The orc wizard gestures at you while chanting.
The magic dart hits you.
* * * LOW HITPOINT WARNING * * *
The orc wizard hits you but does no damage.
You block the orc's attack.
The orc wizard hits you with a +0 dagger of flaming.
* * * LOW HITPOINT WARNING * * *
The orc wizard burns you.
* * * LOW HITPOINT WARNING * * *
You barely miss the orc wizard.
The orc wizard is heavily wounded.
The orc wizard gestures at you while chanting.
The puff of flame hits you.
You die...

.... ..# ...#
..# ..# ...# ##
#.# ....# .#
#.######### .#
#.......... .#
#..oo...... .#
#..@oo..... .#
#.######### .#
#.# ..#
.#############.#
#
...............#
...............#
...............#
##############.#
#.# #...


You could see 2 orc wizards and 2 orcs.

Vanquished Creatures
  2 adders
  An ooze (D:3)
  A worm (D:2)
  3 dart slugs
  8 orcs (D:3)
  2 bat zombies (D:1)
  9 giant cockroaches
  9 hobgoblins
  6 kobolds
  8 bats
  3 frilled lizards
  5 goblins
  9 rats
66 creatures vanquished.

Vanquished Creatures (others)
  A plant (D:3)
1 creature vanquished.

Grand Total: 67 creatures vanquished

Notes
Turn   | Place    | Note
-------+----------+-------------------------------------------
     0 | D:1      | Delamore the Gargoyle Fighter began the quest for the Orb.
     0 | D:1      | Reached XP level 1. HP: 14/14 MP: 1/1
   248 | D:1      | Reached XP level 2. HP: 15/19 MP: 2/2
   786 | D:1      | Reached XP level 3. HP: 24/24 MP: 3/3
   977 | D:2      | Found a faded altar of an unknown god.
  1210 | D:2      | Reached XP level 4. HP: 29/29 MP: 4/4
  2035 | D:3      | Killed from afar by an orc wizard

Illustrated notes

Levels and vault maps discovered:
D:1:      saegor_arrival_fortress, layout_basic, serial_glass, glass_columns_a,
          glass_columns_b, glass_columns_b, glass_columns_b, glass_columns_a,
          glass_columns_b, kennysheep_another_room, minmay_worlds_worst_comb
D:2:      layout_loops_cross, chequers_ecumenical_altar_grove,
          supply_closet_lemuel, minmay_pentomino_pile
D:3:      layout_rooms, serial_co_window_serial, co_window_of_opportunity_a,
          co_window_of_opportunity_a, co_window_corner_a, co_window_paths_b,
          co_window_paths_a, co_window_broadway_c, co_window_broadway_a,
          co_window_cross_4, co_window_unsneaky_path_d, co_window_paths_c,
          co_window_unsneaky_path_e, co_window_paths_d, glass_columns_b,
          glass_columns_a, glass_columns_b, serial_bayou_pond_c

Skill      XL: |  1  2  3  4 |
---------------+-------------+-----
Shields        | 4 |  4.3
Fighting       | 4 |  4.3
Maces & Flails | 3 |  3.2
Armour         | |  3.2

Action                   |  1- 3 |  4- 6 || total
-------------------------+-------+-------++-------
Melee: Flail             |   143 |    83 ||   226
Armor: Scale mail        |    94 |    59 ||   153
Dodge: Dodged            |    53 |    37 ||    90
Block: Kite shield       |   103 |    69 ||   172

Table legend: (Time is in decaauts)
 A = Elapsed time spent in this place.
 B = Non-inter-level travel time spent in this place.
 C = Inter-level travel time spent in this place.
 D = Time resting spent in this place.
 E = Time spent auto-exploring this place.
 F = Levels seen in this place.
 G = Mean time per level.
                   A        B        C        D        E       F      G
               +--------+--------+--------+--------+--------+-----+--------+
         Total |   2111 |   2097 |     14 |      0 |   1609 |   3 |  703.7 |
       Dungeon |   2111 |   2097 |     14 |      0 |   1609 |   3 |  703.7 |
               +--------+--------+--------+--------+--------+-----+--------+

Top non-repeatable levels by time:
     D:1: 894 daAuts
     D:2: 776 daAuts
     D:3: 441 daAuts
